AoeStats
← Prenzel03049

Arabia

510133986Analyzed
2v2 RM · 4d ago on Sep 29, 2026· 55m 17s· 4 players
Game mode
Random Map
Map size
Medium (4 player)
Population
200
Speed
Normal
Resources
Standard
Victory
Conquest
Starting age
Dark Age
Ending age
Imperial Age
RankedLock teamsTeams togetherTeam positionsShared explorationLock speedFull tech treeHidden civsTurbo modeCheats
Victory
Defeat
🇩🇪 Franks · Germany
1163
+14
🇱🇻 Slavs · Latvia
1065
+19
🇬🇧 Varangians · United Kingdom
1156
-18
🇬🇧 Vietnamese · United Kingdom
1094
-15
ScrambledEgg
7:36 Loom
9:47 Feudal Age
10:21 Double-Bit Axe
12:49 Bloodlines
17:24 Horse Collar
20:08 Castle Age
18:32 Forging
18:28 Scale Barding Armor
18:51 Gold Mining
22:31 Husbandry
24:02 Iron Casting
25:43 Heavy Plow
28:37 Wheelbarrow
34:44 Town Watch
38:16 Imperial Age
36:03 Hand Cart
36:25 Bow Saw
36:37 Stone Mining
37:40 Chain Barding Armor
37:10 Fletching
40:03 Blast Furnace
39:40 Plate Barding Armor
38:33 Cavalier
41:09 Scale Mail Armor
41:58 Conscription
43:19 Two-Man Saw
46:12 Chain Mail Armor
45:54 Bodkin Arrow
47:31 Arson
49:17 Elite Varangian Guard
bazza
10:22 Feudal Age
8:38 Loom
18:00 Double-Bit Axe
21:11 Horse Collar
24:35 Castle Age
23:05 Fletching
24:33 Wheelbarrow
23:53 Gold Mining
25:11 Crossbowman
26:30 Bodkin Arrow
27:14 Bow Saw
27:53 Town Watch
28:52 Arson
29:07 Squires
29:21 Forging
29:12 Scale Mail Armor
29:54 Thumb Ring
35:40 Iron Casting
35:21 Chain Mail Armor
35:25 Stone Mining
37:18 Hand Cart
39:20 Town Patrol
39:26 Elite Skirmisher
42:57 Pikeman
48:34 Murder Holes
49:01 Ballistics
54:44 Imperial Age
Prenzel03049
2:08 Loom
10:09 Feudal Age
12:31 Scale Barding Armor
22:45 Castle Age
20:55 Double-Bit Axe
21:02 Gold Mining
22:11 Forging
23:00 Wheelbarrow
23:37 Husbandry
24:01 Chain Barding Armor
23:37 Town Watch
25:28 Light Cavalry
26:53 Gold Shaft Mining
26:09 Stone Mining
29:26 Iron Casting
34:17 Bow Saw
40:25 Imperial Age
40:13 Scale Mail Armor
40:25 Cavalier
41:56 Paladin
43:16 Conscription
42:51 Heavy Scorpion
45:00 Blast Furnace
46:02 Chivalry
46:53 Plate Barding Armor
46:56 Ballistics
47:39 Chemistry
52:18 Elite Throwing Axeman
53:34 Fletching
53:45 Padded Archer Armor
54:46 Bodkin Arrow
54:22 Elite Skirmisher
54:36 Heavy Mounted Crossbowman
54:36 Cranequins
54:42 Ordonnance Companies
Kaniel Outiss
5:06 Loom
10:18 Feudal Age
12:08 Double-Bit Axe
19:48 Castle Age
17:50 Horse Collar
18:28 Stone Mining
19:57 Scale Barding Armor
19:56 Scale Mail Armor
20:07 Forging
23:23 Wheelbarrow
23:40 Iron Casting
23:06 Pikeman
24:13 Squires
29:03 Chain Barding Armor
31:58 Hand Cart
35:01 Chain Mail Armor
39:32 Imperial Age
41:14 Plate Barding Armor
44:04 Blast Furnace
43:36 Plate Mail Armor
43:48 Elite Boyar
45:07 Fletching
45:36 Town Watch
46:52 Conscription
47:45 Bow Saw
47:38 Heavy Plow
48:18 Bloodlines
48:10 Husbandry
52:40 Bodkin Arrow
53:11 Druzhina
Connection lost

Rejoining the realm…

Still unreachable

The connection could not be restored.

Session expired

The server has moved on; the page needs a fresh start.